 Dungeon Crawl Stone Soup version 0.28.0-1-gb440e238dd (webtiles) character file.

Game seed: 12708997396470655912

43539 pkoi the Brawler (level 13, -11/108 HPs)
             Began as a Yellow Draconian Monk on Feb 24, 2022.
             Was an Elder of Makhleb.
             Mangled by a death scarab (19 damage)
             ... in a Gauntlet.
             The game lasted 00:46:25 (20101 turns).

pkoi the Brawler (Yellow Draconian Monk)           Turns: 20101, Time: 00:46:25

Health: -11/108    AC:  8    Str: 20    XL:     13   Next: 91%
Magic:  22/22      EV: 17    Int: 16    God:    Makhleb [****..]
Gold:   926        SH:  0    Dex: 19    Spells: 16/23 levels left

rFire   . . .      SeeInvis +     - Unarmed
rCold   . . .      Faith    .   (no shield)
rNeg    . . .      Spirit   .   (armour unavailable)
rPois   .          Reflect  .   (helmet currently unavailable)
rElec   +          Harm     .   (no cloak)
rCorr   +          Rampage  .   (no gloves)
Will    .....      NoTele   +   (boots currently unavailable)
Stlth   +++.......              e - amulet of regeneration
HPRegen 1.08/turn               f - +6 ring of strength
MPRegen 0.18/turn               G - +6 ring of dexterity

@: appendages, slowed, very slow
A: horns 2, talons 2, spit acid, AC +8, unfitting armour, cold-blooded, acid
resistance, claws 1, see invisible, sense surroundings 1, electricity resistance
a: Breathe Acid, End Transformation, Renounce Religion, Minor Destruction,
Lesser Servant of Makhleb, Major Destruction


You were in a Gauntlet.
You worshipped Makhleb.
Makhleb was greatly pleased with you.
You had temporarily grown beastly horns and talons.
You visited 3 branches of the dungeon, and saw 18 of its levels.
You also visited: Gauntlet.

You collected 1043 gold pieces.
You spent 117 gold pieces at shops.

Inventory:

Hand Weapons
 d - a +1 hand axe of venom
 j - a +4 spear of freezing
Missiles
 a - 23 poisoned darts
 l - 6 datura-tipped darts
 E - 5 throwing nets
Armour
 c - a +0 pair of boots (melded)
 K - a +1 hat of stealth (melded)
Jewellery
 e - an amulet of regeneration (around neck)
 f - a +6 ring of strength (left claw)
 g - a ring of poison resistance
 p - a ring of ice
 x - a ring of poison resistance
 y - a ring of willpower
 G - a +6 ring of dexterity (right claw)
 J - a ring of fire
 M - an amulet of reflection
Wands
 u - a wand of digging (10)
 z - a wand of charming (9)
 B - a wand of acid (8)
 I - a wand of paralysis (5)
Scrolls
 h - a scroll of teleportation
 i - 4 scrolls of identify
 k - 5 scrolls of enchant armour
 o - 2 scrolls of brand weapon
 r - a scroll of silence
 s - 3 scrolls of fog
 t - 3 scrolls of blinking
 C - 3 scrolls of fear
 D - a scroll of enchant weapon
Potions
 b - 5 potions of curing
 m - a potion of might
 n - 6 potions of ambrosia
 q - 3 potions of heal wounds
 v - 3 potions of haste
 w - 3 potions of flight
 A - 2 potions of brilliance
 F - a potion of invisibility
 L - a potion of berserk rage


   Skills:
 - Level 8.3 Fighting
 - Level 8.5 Dodging
 - Level 3.0 Stealth
 * Level 15.8 Unarmed Combat
 + Level 5.9 Spellcasting
 - Level 4.0 Translocations
 + Level 6.5 Transmutations
 + Level 12.3 Invocations


You had 16 spell levels left.
You knew the following spells:

 Your Spells              Type           Power      Damage    Failure   Level
a - Apportation           Tloc           34%        N/A       2%          1
b - Beastly Appendage     Tmut           50%        N/A       1%          1
c - Blade Hands           Tmut           12%        N/A       26%         5

Your spell library contained the following spells:

 Spells                   Type           Power      Damage    Failure   Level
 Wereblood                Tmut           25%        N/A       1%          2
 Spider Form              Tmut/Pois      15%        N/A       11%         3
 Animate Skeleton         Necr           8%         N/A       14%         1
 Foxfire                  Conj/Fire      16%        2x1d4     14%         1
 Summon Small Mammal      Summ           16%        N/A       14%         1
 Ignite Poison            Fire/Tmut/Pois 11%        N/A       17%         3
 Portal Projectile        Hex/Tloc       22%        N/A       19%         3
 Passage of Golubria      Tloc           17%        N/A       26%         4
 Conjure Flame            Conj/Fire      4%         6-21      38%         3
 Inner Flame              Hex/Fire       4%         N/A       38%         3
 Mephitic Cloud           Conj/Pois/Air  4%         N/A       38%         3
 Stone Arrow              Conj/Erth      8%         3d7       38%         3
 Swiftness                Air            4%         N/A       38%         3
 Tukima's Dance           Hex            4%         N/A       38%         3
 Flame Wave               Conj/Fire      4%         2d5       80%         4
 Summon Ice Beast         Ice/Summ       4%         N/A       80%         4
 Excruciating Wounds      Necr           2%         N/A       98%         5
 Freezing Cloud           Conj/Ice/Air   2%         6-21      98%         5
 Silence                  Hex/Air        2%         N/A       98%         5
 Summon Mana Viper        Hex/Summ       4%         N/A       98%         5
 Monstrous Menagerie      Summ           2%         N/A       100%        7
 Discord                  Hex            2%         N/A       100%        8
 Lehudib's Crystal Spear  Conj/Erth      2%         10d2      100%        8
 Animate Armour           Summ/Erth      Unusable   N/A       N/A         4

Dungeon Overview and Level Annotations

Branches:
Dungeon (11/15)            Temple (1/1) D:5            Lair (6/6) D:10
  Swamp (0/4) Lair:2       Spider (0/4) Lair:2        Slime (0/5) Lair:6
    Orc (0/2) D:11        Gauntlet (1/1)

Altars:
Ashenzari
Cheibriados
Dithmenos
Elyvilon
Fedhas
Gozag
Hepliaklqana
Kikubaaqudgha
Makhleb
Nemelex Xobeh
Okawaru
Qazlal
Ru
Sif Muna
Trog
Uskayaw
Vehumet
Wu Jian
Xom
Yredelemnul
Zin
The Shining One

Shops:
D:5 !   D:8 =

Annotations:
D:3 Sigmund
D:5 1 runed translucent door, Dvallin's ghost, weakling KoDe
Lair:3 exclusion: 2 oklob plants
Lair:4 1 runed translucent door Gauntlet 15 transporters, 21 runed translucent doors


Innate Abilities, Weirdness & Mutations

You have temporarily grown beastly horns and talons.
You can spit globs of acid.
Your golden yellow scales are hard. (AC +8)
You cannot fit into any form of body armour.
You are cold-blooded and may be slowed by cold attacks.
You are resistant to acid. (rCorr)
You have sharp fingernails.
You have supernaturally acute eyesight. (SInv)
You passively map a small area around you.
You are resistant to electric shocks. (rElec)


Message History

The death scarab drains your vigour!
You feel as though you will be slow longer.
The death scarab draws strength from your injuries!
There is a transporter landing site, spattered with blood here.
Unknown command.
Unknown command.
A demon appears!
The death scarab closely misses you.
Unknown command.
The death scarab bites you!
* * * LOW HITPOINT WARNING * * *
The death scarab draws strength from your injuries!
The death scarab bites you.
* * * LOW HITPOINT WARNING * * *
The death scarab drains your vigour!
You feel as though you will be slow longer.
The death scarab draws strength from your injuries!
Okay, then.
Okay, then.
Unknown command.
Press: ? - help, v - describe, . - travel
Here: a death scarab (ally target)
A transporter landing site, spattered with blood.
Unknown command.
You feel much better. The death scarab barely misses you.
The death scarab bites you!!
* * * LOW HITPOINT WARNING * * *
The death scarab draws strength from your injuries!
Your neqoxec completely misses the death scarab.
The spectral four-headed hydra bites you but does no damage.
The spectral four-headed hydra closely misses you.
The spectral four-headed hydra bites you.
* * * LOW HITPOINT WARNING * * *
The spectral four-headed hydra misses you.
The death scarab bites you but does no damage.
Your neqoxec misses the death scarab.
Blink to where?
Press: ? - help, Dir - move target
As you read the scroll of blinking, it crumbles to dust.
The death scarab bites you!!
You die...

!.©...3#.#...#.#...#.#..#########
#...##.#.#..#...#..#.#..#8# #8# #
.###.#.#.#.##...##.#.#..### ### #
##†##..#.##..#.##.[#.#..#
.†©....#.#...3©.#.©#©#..###
##.##..#.##..#Z##.?###..#8#
.###.#.#.#.##...##.#....###
#...##.#.#..#..B#..#....#
.......#.#...#.#@..#..###
########.###########..#8#
..©...................###
.....................≈#
#.∩.################### #...# #8#
#8# #8# #8# #≈∩≈# ### ### ### ###
#####


You could see a spectral four-headed hydra, a death scarab (ally target) and a
friendly neqoxec (summoned).

Vanquished Creatures
  Gastronok (Lair:1)
  A hydra (Lair:6)
  A two-headed ogre (D:8)
  An anaconda (Lair:5)
  9 death yaks
  Nergalle (Lair:2)
  A manticore (Lair:3)
  A moth of wrath (Gauntlet)
  Joseph (D:7)
  2 elephants (Lair:3)
  6 black mambas
  A gargoyle (D:6)
  7 cane toads
  A kobold demonologist (D:11)
  6 komodo dragons
  3 trolls (D:10)
  A hornet (D:8)
  A blink frog (Lair:6)
  A wraith (D:10)
  5 wyverns
  32 yaks
  6 basilisks (Lair:3)
  4 vampire mosquitoes (D:11)
  A steam dragon (D:6)
  Edmund (D:6)
  22 water moccasins
  3 sky beasts
  3 ice beasts
  3 orc warriors
  5 black bears
  A necrophage (D:6)
  2 ogres
  14 wolves
  A phantom (D:5)
  10 centaurs
  A kobold brigand (D:10)
  A wyvern zombie (D:6)
  15 bullfrogs
  2 water moccasin zombies
  3 gnoll sergeants
  4 scorpions
  A water moccasin skeleton (D:5)
  Dowan (D:7)
  35 killer bees
  2 howler monkeys
  5 wights (D:7)
  3 electric eels
  2 hounds
  3 jellies
  3 centaur zombies
  A gnoll shaman (D:7)
  3 bullfrog skeletons
  5 orc priests
  A centaur skeleton (D:7)
  3 iguanas
  3 orc wizards
  2 killer bee zombies
  A hound skeleton (D:4)
  A howler monkey zombie (D:9)
  Robin (D:2)
  22 gnolls
  A howler monkey skeleton (D:6)
  A river rat (Lair:3)
  5 adders
  An ufetubus (D:5)
  3 worms (D:2)
  3 dart slugs
  19 orcs
  5 bats
  8 endoplasms
  5 giant cockroaches
  8 hobgoblins
  5 jackals
  14 kobolds
  4 quokkas
  6 ball pythons
  4 frilled lizards
  22 goblins
  4 rats
401 creatures vanquished.

Vanquished Creatures (collateral kills)
  Rupert (Lair:3)
  3 hydras
  A death yak (Lair:3)
  A two-headed ogre (D:9)
  A centaur warrior (D:11)
  Maggie (D:6)
  2 cane toads
  A rime drake (Lair:3)
  3 komodo dragons
  A queen bee (Lair:3)
  A wyvern (Lair:3)
  A yak (Lair:3)
  5 basilisks
  Duvessa (D:7)
  2 orc warriors (D:11)
  2 wolves
  4 killer bees (Lair:3)
  A centaur zombie (D:9)
32 creatures vanquished.

Vanquished Creatures (others)
  A killer bee (Lair:3)
  43 fungi
  47 plants
91 creatures vanquished.

Grand Total: 524 creatures vanquished

Notes
Turn   | Place    | Note
-------+----------+-------------------------------------------
     0 | D:1      | pkoi the Draconian Monk began the quest for the Orb.
     0 | D:1      | Reached XP level 1. HP: 19/19 MP: 1/1
   334 | D:1      | Reached XP level 2. HP: 26/26 MP: 2/2
   526 | D:1      | Reached skill level 4 in Unarmed Combat
   646 | D:1      | Reached XP level 3. HP: 31/31 MP: 3/3
   647 | D:1      | Gained mutation: You have sharp fingernails. [potion of
                  | mutation]
   647 | D:1      | Gained mutation: You have supernaturally acute eyesight.
                  | (SInv) [potion of mutation]
   647 | D:1      | Gained mutation: You are resistant to electric shocks.
                  | (rElec) [potion of mutation]
   647 | D:1      | Gained mutation: You passively map a small area around you.
                  | [potion of mutation]
  1122 | D:2      | Found a burning altar of Makhleb.
  1141 | D:2      | Became a worshipper of Makhleb the Destroyer
  1141 | D:2      | Reached * piety under Makhleb
  1141 | D:2      | Reached ** piety under Makhleb
  1148 | D:2      | Found a faded altar of an unknown god.
  1219 | D:2      | Noticed Robin
  1285 | D:2      | Killed Robin
  1286 | D:2      | Reached XP level 4. HP: 23/38 MP: 4/4
  1573 | D:2      | Reached skill level 1 in Invocations
  1700 | D:2      | Learned a level 1 spell: Apportation
  1841 | D:2      | Reached skill level 5 in Unarmed Combat
  2300 | D:3      | Noticed a scorpion
  2314 | D:3      | Killed a scorpion
  2315 | D:3      | Reached XP level 5. HP: 44/45 MP: 4/6
  2348 | D:3      | Noticed Sigmund
  3118 | D:3      | Reached *** piety under Makhleb
  3592 | D:4      | Reached XP level 6. HP: 31/52 MP: 7/7
  3880 | D:4      | Reached skill level 6 in Unarmed Combat
  4369 | D:4      | Your scales start taking on a golden yellow colour.
  4369 | D:4      | Reached XP level 7. HP: 31/59 MP: 9/9
  4369 | D:4      | Gained mutation: You are resistant to acid. (rCorr) [Yellow
                  | Draconian growth]
  4704 | D:5      | Entered Level 5 of the Dungeon
  4765 | D:5      | Found a runed translucent door.
  4773 | D:5      | Noticed Dvallin's ghost (weakling KoDe)
  4877 | D:5      | Reached skill level 7 in Unarmed Combat
  5163 | D:4      | Reached XP level 8. HP: 64/66 MP: 11/11
  5258 | D:5      | Found a staircase to the Ecumenical Temple.
  5280 | D:5      | Reached skill level 8 in Unarmed Combat
  5426 | Temple   | Entered the Ecumenical Temple
  5829 | D:5      | Found Xunkel's Distillery.
  5839 | D:5      | Bought a potion of degeneration for 13 gold pieces
  5839 | D:5      | Bought a potion of attraction for 39 gold pieces
  5839 | D:5      | Bought a potion of heal wounds for 65 gold pieces
  6059 | D:5      | Reached skill level 5 in Invocations
  6158 | D:6      | Reached skill level 5 in Dodging
  6245 | D:6      | Reached **** piety under Makhleb
  6362 | D:6      | Reached skill level 9 in Unarmed Combat
  6415 | D:6      | Noticed Maggie
  6499 | D:6      | Reached XP level 9. HP: 71/71 MP: 13/13
  6614 | D:6      | Noticed Edmund
  6624 | D:6      | Killed Edmund
  6695 | D:6      | Killed Maggie
  6910 | D:7      | Reached skill level 10 in Unarmed Combat
  6970 | D:7      | Noticed a gargoyle
  6977 | D:7      | Noticed Duvessa
  7113 | D:7      | Noticed Dowan
  7322 | D:6      | Killed a gargoyle
  7323 | D:6      | Reached skill level 11 in Unarmed Combat
  7483 | D:7      | Noticed Joseph
  7500 | D:7      | Killed Joseph
  7501 | D:7      | Reached XP level 10. HP: 14/79 MP: 15/15
  7613 | D:7      | Killed Duvessa
  7619 | D:7      | Killed Dowan
  8080 | D:8      | Noticed a two-headed ogre
  8101 | D:8      | Killed a two-headed ogre
  8398 | D:8      | Reached skill level 5 in Fighting
  8444 | D:8      | Found Geawk's Jewellery Boutique.
  9050 | D:9      | Noticed a two-headed ogre
  9051 | D:9      | Got the Grimoire of Feathery Hexes
  9060 | D:9      | Killed a two-headed ogre
  9061 | D:9      | Reached skill level 12 in Unarmed Combat
  9514 | D:9      | Found an ornate altar of the Wu Jian Council.
  9531 | D:10     | Entered Level 10 of the Dungeon
  9558 | D:10     | Reached XP level 11. HP: 83/89 MP: 18/18
  9814 | D:10     | Found a staircase to the Lair.
 10716 | D:11     | Reached skill level 13 in Unarmed Combat
 10716 | D:11     | Reached skill level 10 in Invocations
 10718 | D:11     | Reached ***** piety under Makhleb
 10849 | D:11     | Learned a level 1 spell: Beastly Appendage
 11330 | D:11     | Reached skill level 1 in Transmutations
 11495 | D:11     | Found a staircase to the Orcish Mines.
 11523 | D:11     | Reached skill level 1 in Translocations
 11776 | D:11     | Reached skill level 1 in Spellcasting
 11814 | D:11     | Noticed a centaur warrior
 11826 | D:11     | Killed a centaur warrior
 12367 | Lair:1   | Entered Level 1 of the Lair of Beasts
 12379 | Lair:1   | Found a sparkling altar of Nemelex Xobeh.
 12413 | Lair:1   | Noticed Gastronok
 12487 | Lair:1   | Killed Gastronok
 13257 | Lair:2   | Learned a level 5 spell: Blade Hands
 13267 | Lair:2   | Reached XP level 12. HP: 100/100 MP: 17/19
 13276 | Lair:2   | Found a hole to the Spider Nest.
 13373 | Lair:2   | Noticed Nergalle
 13398 | Lair:2   | Killed Nergalle
 13913 | Lair:2   | Found a staircase to the Swamp.
 14295 | Lair:3   | Noticed a seven-headed hydra
 14312 | Lair:3   | Killed a seven-headed hydra
 14386 | Lair:3   | Noticed an eight-headed hydra
 14394 | Lair:3   | Killed an eight-headed hydra
 14395 | Lair:3   | Reached skill level 14 in Unarmed Combat
 14802 | Lair:3   | Noticed Rupert
 15630 | Lair:2   | Reached XP level 13. HP: 69/108 MP: 21/21
 16092 | Lair:3   | Paralysed by Rupert for 5 turns
 16107 | Lair:3   | Killed Rupert
 16756 | Lair:4   | Reached skill level 5 in Transmutations
 17350 | Lair:4   | Reached skill level 15 in Unarmed Combat
 17371 | Lair:4   | Reached skill level 5 in Spellcasting
 18022 | Lair:4   | Found a runed translucent door.
 19454 | Lair:6   | Entered Level 6 of the Lair of Beasts
 19579 | Lair:6   | Found a gate leading to a gauntlet.
 19588 | Gauntlet | Entered a Gauntlet
 19588 | Gauntlet | Found a transporter.
 19610 | Gauntlet | Found a transporter.
 19622 | Gauntlet | Found a transporter.
 19624 | Gauntlet | Found a large runed translucent door.
 19624 | Gauntlet | Found a large runed translucent door.
 19625 | Gauntlet | Found a large runed translucent door.
 19625 | Gauntlet | Found a large runed translucent door.
 19626 | Gauntlet | Found a large runed translucent door.
 19626 | Gauntlet | Found a large runed translucent door.
 19626 | Gauntlet | Found a runed translucent door.
 19626 | Gauntlet | Found a runed translucent door.
 19626 | Gauntlet | Found a large runed translucent door.
 19627 | Gauntlet | Found a transporter.
 19635 | Gauntlet | Noticed a green death
 19642 | Gauntlet | Found a transporter.
 19657 | Gauntlet | Found a large runed translucent door.
 19658 | Gauntlet | Found a large runed translucent door.
 19659 | Gauntlet | Found a large runed translucent door.
 19659 | Gauntlet | Found a large runed translucent door.
 19660 | Gauntlet | Found a runed translucent gate.
 19661 | Gauntlet | Found a transporter.
 19661 | Gauntlet | Found a runed translucent gate.
 19662 | Gauntlet | Found a runed translucent gate.
 19663 | Gauntlet | Found a large runed translucent door.
 19663 | Gauntlet | Found a large runed translucent door.
 19664 | Gauntlet | Found a large runed translucent door.
 19665 | Gauntlet | Found a large runed translucent door.
 19673 | Gauntlet | Found a transporter.
 19685 | Gauntlet | Found a transporter.
 19695 | Gauntlet | Noticed a balrug
 19697 | Gauntlet | Found a transporter.
 19703 | Gauntlet | Found a transporter.
 19718 | Gauntlet | Found a transporter.
 19735 | Gauntlet | Found a transporter.
 19743 | Gauntlet | Noticed a blizzard demon
 19753 | Gauntlet | Found a transporter.
 19755 | Gauntlet | Found a transporter.
 19780 | Gauntlet | Found a transporter.
 19782 | Gauntlet | Found a transporter.
 19802 | Gauntlet | Found a transporter.
 19876 | Gauntlet | Found a large runed translucent door.
 19880 | Gauntlet | Found a transporter.
 20101 | Gauntlet | Mangled by a death scarab

Illustrated notes

Levels and vault maps discovered:
D:1:      minmay_arrival_four_loops, layout_rooms, minmay_tromino_mix6
D:2:      layout_basic, serial_glass, glass_columns_a, glass_columns_a,
          feat_on_display, minmay_strange_pillars, item_on_display_a,
          minmay_strange_pillars, hellmonk_ecumenical_altar_lost_god,
          basic_altar, uniq_robin
D:3:      minmay_evil_eye, layout_loops_ring, uniq_sigmund
D:4:      layout_cave_pools, minmay_a_box_with_orc_wizards_in_it
D:5:      layout_loops_cross, minmay_temple_entry_wispy, serial_shops,
          shop_fountains, ebering_ghost_reflecting_pool
D:6:      layout_cave_pools, kennysheep_diamond, chequers_garden, uniq_maggie,
          uniq_edmund
D:7:      layout_loops_ring, item_on_display_a, uniq_joseph, uniq_duvessa
D:8:      layout_basic, serial_shops, nicolae_shop_trees, nrook_loot_triangle,
          minmay_misc_feat_doors, grunt_decor_junction
D:9:      layout_cave_pools, pdpol_wu_jian_five_deadly_venoms
D:10:     layout_rooms, due_lair_maze_entry_diamond, kennysheep_generic_room_16
D:11:     layout_loops_corners, david_orc_1_choice
Temple:   mainiacjoe_temple_circle_huts
Lair:1:   wander_river, layout_chaotic_city, basic_altar, uniq_gastronok
Lair:2:   layout_regular_city, swamp_mist, spider_nest_entry_web_field,
          grunt_megastairs_2, uniq_nergalle
Lair:3:   hangedman_what_comes_after_a, layout_regular_city, uniq_rupert
Lair:4:   layout_regular_city, pf_torpor_hydra
Lair:5:   beast_lair_carwin_large_3, layout_layer_cave, serial_bayou_lagoon_b
Lair:6:   grunt_lair_end_beastmaster, layout_regular_city,
          minmay_slime_entry_pillars, gauntlet_entry_generic,
          chequers_serial_rivers_small_a
Gauntlet: gammafunk_gauntlet_one_two_three [gammafunk_gauntlet_arena_corners,
          gammafunk_gauntlet_arena_grid, gammafunk_gauntlet_arena_chambers,
          nicolae_gauntlet_arena_t_cross, gammafunk_gauntlet_arena_crates,
          nicolae_gauntlet_arena_flowing_pool, nicolae_gauntlet_arena_quarters,
          minmay_gauntlet_arena_make_your_own_arena,
          gammafunk_gauntlet_arena_spirals,
          nicolae_gauntlet_exit_dead_adventurers]

Skill      XL: |  1  2  3  4  5  6  7  8  9 10 11 12 13 |
---------------+----------------------------------------+-----
Unarmed Combat | 4 5 6 7 9 11 12 13 14 15 | 15.8
Invocations    | 2 3 4 5 7 9 10 11 12 | 12.3
Dodging        | 3 4 5 6 7 8 |  8.5
Fighting       | 4 5 7 8 |  8.3
Transmutations | 2 4 6 |  6.5
Translocations | 2 4 |  4.0
Spellcasting   | 2 4 5 |  5.9
Stealth        | 2 3 |  3.0

Action                   |  1- 3 |  4- 6 |  7- 9 | 10-12 | 13-15 || total
-------------------------+-------+-------+-------+-------+-------++-------
Melee: Unarmed           |   145 |   169 |   278 |   598 |   250 ||  1440
       Tailslap          |    14 |    24 |    46 |   113 |    49 ||   246
       Punch             |     4 |     7 |    13 |    54 |    36 ||   114
       Kick              |       |       |       |    59 |    16 ||    75
       Headbutt          |       |       |       |    39 |    10 ||    49
Throw: Dart              |       |     4 |       |       |     1 ||     5
 Cast: Beastly Appendage |       |       |       |    21 |     9 ||    30
Invok: Lesser Servant of |       |       |     2 |    17 |    12 ||    31
 Abil: Breathe Acid      |       |       |    20 |    14 |    11 ||    45
Evoke: Wand              |       |       |       |     1 |     1 ||     2
  Use: Scroll            |     4 |     3 |     4 |    10 |     4 ||    25
       Potion            |     3 |     4 |     3 |     3 |     1 ||    14
 Stab: Sleeping          |     4 |     4 |     3 |     3 |     3 ||    17
       Distracted        |       |     1 |       |     5 |     5 ||    11
Armor: Skin              |    48 |    46 |    63 |   217 |    41 ||   415
Dodge: Dodged            |    95 |    89 |   155 |   518 |   163 ||  1020
